Map: Newkirk Precinct TE (Void)

Players

Musumeci - Winner!

  • Race: Zerg Zerg
  • League: Diamond
  • Spawn Location: 5:00

MichyMoko

  • Race: Zerg Zerg
  • Spawn Location: 7:00

VOD

Have the link to the VOD?

Description

Time

  • Played on: March 13, 2017, 6:29 a.m.
  • Length: 14:13
Show
View Real Time Build Order
Export as new Build Order

Musumeci Zerg - Winner!

Build Orders: Hatch First, Muta Ling Bane 

Get SALT Encoding   

  12  0:01  Drone  
  13  0:08  Drone  
  14  0:14  Extractor  
  14  0:15  Drone  
  15  0:40  Hatchery  
  14  0:49  Extractor  
  13  0:50  Drone  
  14  1:05  Spawning Pool  
  13  1:20  Drone  
  13  1:23  Overlord  
  13  1:53  Zergling x6  
  16  1:55  Drone  
  16  1:56  Queen  
  19  2:05  Queen  
  21  2:15  Metabolic Boost  
  21  2:28  Drone x2  
  23  2:38  Baneling Nest  
  22  2:45  Zergling x4  
  24  2:55  Drone x2  
  26  3:00  Zergling x2  
  25  3:21  Zergling x4  
  25  3:26  Overlord x2  
  27  3:36  Baneling x2  
  23  4:11  Zergling x22  
  23  4:16  Drone  
  34  4:17  Drone  
  34  4:33  Baneling x2  
  34  4:36  Drone  
  34  4:37  Drone x2  
  37  4:51  Zergling x2  
  37  4:52  Zergling x6  
  37  5:17  Hatchery  
  37  5:18  Extractor  
  37  5:19  Zergling x8  
  33  5:29  Drone x3  
  33  5:30  Drone  
  37  5:45  Lair  
  37  5:46  Drone  
  37  5:47  Drone  
  39  5:54  Zergling x2  
  39  5:55  Zergling x2  
  40  6:08  Baneling x2  
  40  6:17  Baneling x2  
  30  6:27  Drone x5  
  30  6:28  Drone x5  
  40  6:36  Queen  
  42  6:41  Zergling x4  
  44  6:51  Extractor  
  44  6:54  Extractor  
  42  6:55  Spire  
  41  7:03  Spine Crawler  
  41  7:05  Spine Crawler  
  38  7:16  Zergling x12  
  44  7:30  Zergling x8  
  48  7:37  Overlord x2  
  48  7:49  Overlord x2  
  48  7:59  Drone x4  
  48  8:02  Drone  
  53  8:07  Baneling x2  
  51  8:27  Mutalisk x4  
  57  8:36  Mutalisk x2  
  57  8:41  Queen  
  60  8:59  Mutalisk  
  60  9:00  Mutalisk x3  
  68  9:08  Mutalisk x2  
  72  9:36  Drone  
  72  9:38  Centrifical Hooks  
  73  9:43  Overlord  
  73  9:44  Overlord x2  
  72  10:03  Zergling x12  
  72  10:04  Zergling x2  
  76  10:14  Mutalisk x6  
  84  10:44  Mutalisk x6  
  95  11:01  Drone  
  86  11:28  Mutalisk x6  
  95  11:57  Mutalisk  
  95  11:58  Mutalisk x2  
  85  12:25  Mutalisk  
  85  12:26  Mutalisk x2  
  85  12:28  Zergling x16  
  85  12:29  Overlord  
  97  12:30  Overlord x8  
  97  12:39  Overlord  
  87  13:20  Baneling x16  
  87  13:21  Zergling x4  
  87  13:22  Zergling x20  
  99  13:38  Overseer  
Show
View Real Time Build Order
Export as new Build Order

MichyMoko Zerg 

Build Orders: Pool First 

Get SALT Encoding   

  12  0:01  Drone  
  13  0:13  Overlord  
  13  0:18  Drone  
  14  0:38  Drone x3  
  17  0:49  Spawning Pool  
  17  0:50  Drone  
  17  0:52  Extractor  
  16  1:00  Drone  
  17  1:36  Hatchery  
  17  1:47  Hatchery  
  16  1:58  Overlord  
  16  1:59  Drone x2  
  18  2:03  Queen  
  20  2:10  Zergling x2  
  21  2:23  Zergling x2  
  22  2:32  Zergling x2  
  22  2:34  Metabolic Boost  
  23  2:42  Spine Crawler  
  23  2:44  Zergling x2  
  23  2:48  Queen  
  25  2:52  Zergling x2  
  26  2:59  Queen  
  26  3:15  Zergling x4  
  27  3:25  Drone x2  
  27  3:26  Zergling x4  
  31  3:30  Roach Warren  
  30  3:36  Drone  
  30  3:37  Drone x2  
  33  4:14  Zergling x4  
  33  4:15  Zergling x8  
  35  4:24  Overlord  
  35  4:25  Overlord  
  35  4:29  Extractor  
  34  4:37  Drone  
  35  4:40  Overlord x2  
  35  4:43  Lair  
  35  4:56  Drone x2  
  35  4:57  Drone x2  
  35  4:58  Drone x4  
  43  5:10  Zergling x2  
  42  5:17  Zergling x10  
  42  5:21  Zergling x2  
  44  5:31  Roach x4  
  50  6:18  Queen  
  47  6:34  Queen  
  47  6:39  Hatchery  
  48  6:40  Roach x3  
  48  6:41  Roach x4  
  48  6:42  Ravager x4  
  66  6:54  Drone  
  67  7:14  Zergling x2  
  67  7:19  Overlord x5  
  66  7:41  Glial Reconstitution  
  66  7:45  Hydralisk Den  
  66  7:46  Roach x3  
  66  7:47  Roach x6  
  66  7:49  Drone, Extractor  
  83  7:52  Extractor  
  82  8:10  Ravager x3  
  85  8:20  Drone x3  
  85  8:22  Drone  
  85  8:23  Drone x7  
  96  8:34  Queen  
  96  8:39  Zergling x2  
  96  9:00  Hydralisk  
  96  9:01  Hydralisk x3  
  104  9:07  Spore Crawler  
  103  9:13  Spore Crawler  
  100  9:28  Spore Crawler  
  95  9:40  Hydralisk  
  95  9:41  Hydralisk x4  
  102  10:05  Hydralisk  
  102  10:06  Hydralisk x4  
  110  10:25  Hydralisk x2  
  101  10:37  Spore Crawler  
  94  11:04  Queen  
  85  11:29  Hydralisk  
  85  11:30  Hydralisk x10  
  105  11:35  Queen  
  88  12:22  Hydralisk  
  81  12:23  Hydralisk x5  
  89  12:39  Drone  
  89  12:40  Drone  
  84  13:00  Drone  
  84  13:01  Drone x3  
  88  13:17  Queen  
  88  13:19  Queen  
  83  14:00  Hatchery  
Tags
 
Add a new tag
Caveats
  • Supply blocks, unpowered buildings, or Contaminate may cause inaccurate times.
  • Supply counts are checked every 10 seconds.